| TOP OF THE 1ST |
|
Vanderbilt University Commodores batting - Pitching for UCLA Bruins : LHP Dave Hutchison
|
|
Pitching: LHP Dave Hutchison
|
|
|
Batting: RHB Brian Pflughoeft
|
0-0: SINGLE (Line Drive, 89M, EV 98.8 MPH)
|
|
Batting: RHB Jose Ramos
|
0-0: Ball 1-0: SINGLE (Groundball, 56S, EV 67.5 MPH) (infield hit) Brian Pflughoeft to second
|
|
Batting: RHB Edgar Fernandez
|
0-0: Ball 1-0: Called Strike 1-1: Swinging Strike 1-2: Foul Ball, location: 2F 1-2: Ball 2-2: Fly out, F4 (Flyball, 4D, EV 85.0 MPH)
|
|
Batting: RHB Takashi Takeuchi
|
0-0: Foul Ball, location: 2F 0-1: Called Strike 0-2: Ball 1-2: Foul Ball, location: 2F 1-2: Fly out, F3 (Popup, 3F, EV 69.4 MPH)
|
|
Batting: LHB Tokito Ishizaki
|
0-0: Ball 1-0: Ball 2-0: Swinging Strike 2-1: Foul Ball, location: 2F 2-2: SINGLE (Line Drive, 8RS, EV 91.9 MPH) Brian Pflughoeft to third Jose Ramos to second Runner from 3rd tries for Home, SAFE, throw by CF to home
|
|
Batting: SHB D.J. Davis
|
0-0: DOUBLE (Line Drive, 5D, EV 101.9 MPH) Jose Ramos scores Tokito Ishizaki to third Runner from 3rd tries for Home, SAFE, no throw by LF
|
|
Batting: RHB Min Tann
|
0-0: Ball 1-0: Swinging Strike 1-1: Ball 2-1: Fly out, F9 (Flyball, 9, EV 88.8 MPH)
|
| Top of the 1st over - 3 runs, 4 hits, 0 errors, 1 left on base; Vanderbilt University 3 - UCLA 0 |
| BOTTOM OF THE 1ST |
|
UCLA Bruins batting - Pitching for Vanderbilt University Commodores : RHP Gabriel Marsh
|
|
Pitching: RHP Gabriel Marsh
|
|
|
Batting: LHB Mark Cummings
|
0-0: Swinging Strike 0-1: SINGLE (Flyball, 7LS, EV 98.1 MPH)
|
|
Batting: RHB Melvin Yanes
|
0-0: Called Strike 0-1: Fly out, F9 (Flyball, 9, EV 93.8 MPH)
|
|
Batting: RHB Andy Knerr
|
0-0: Called Strike 0-1: Foul Ball, location: 2F 0-2: SINGLE (Flyball, 56D, EV 93.8 MPH) Mark Cummings to second
|
|
Batting: RHB Issac Konol
|
0-0: Ball 1-0: Called Strike 1-1: DOUBLE (Flyball, 89D, EV 99.4 MPH) Mark Cummings scores Andy Knerr to third
|
|
Batting: SHB Sean Munns
|
0-0: Ball 1-0: Ball 2-0: Ball 3-0: Base on Balls
|
|
Batting: RHB Michael Alvarado
|
0-0: Ball 1-0: Swinging Strike 1-1: Ball 2-1: Ball 3-1: Base on Balls Andy Knerr scores Issac Konol to third Sean Munns to second
|
|
Batting: LHB Dave Hutchison
|
0-0: Swinging Strike 0-1: Called Strike 0-2: Ball 1-2: SINGLE (Groundball, 34D, EV 95.0 MPH) Issac Konol scores Sean Munns to third Michael Alvarado to second
|
|
Batting: LHB Young-lau Seow
|
0-0: Fielders Choice at 2nd, 6-4 (Groundball, 6, EV 114.4 MPH) Sean Munns scores Michael Alvarado to third
|
|
Batting: RHB Pete Devaux
|
0-0: Ball 1-0: Ball 2-0: Called Strike 2-1: Foul Ball, location: 2F 2-2: Ball 3-2: Foul Ball, location: 2F 3-2: DOUBLE (Flyball, 8RD, EV 101.9 MPH) Michael Alvarado scores Young-lau Seow to third Young-lau Seow scores
|
|
Pitching: RHP Craig Wayne
|
|
|
Batting: LHB Mark Cummings
|
0-0: Called Strike 0-1: Ball 1-1: Swinging Strike 1-2: Ground out 6-3 (Groundball, 6S, EV 64.4 MPH)
|
| Bottom of the 1st over - 6 runs, 5 hits, 0 errors, 1 left on base; Vanderbilt University 3 - UCLA 6 |
| TOP OF THE 2ND |
|
Vanderbilt University Commodores batting - Pitching for UCLA Bruins : LHP Dave Hutchison
|
|
Batting: SHB Robbie Glover
|
0-0: Swinging Strike 0-1: Ball 1-1: Ground out U3 (Groundball, 34, EV 80.0 MPH)
|
|
Batting: RHB Ruben Reyna
|
0-0: Ball 1-0: Called Strike 1-1: Swinging Strike 1-2: Strikes out looking
|
|
Batting: RHB Brian Pflughoeft
|
0-0: Foul Ball, location: 2F 0-1: Foul Ball, location: 2F 0-2: Strikes out swinging
|
| Top of the 2nd over - 0 runs, 0 hits, 0 errors, 0 left on base; Vanderbilt University 3 - UCLA 6 |
| BOTTOM OF THE 2ND |
|
UCLA Bruins batting - Pitching for Vanderbilt University Commodores : RHP Craig Wayne
|
|
Batting: RHB Melvin Yanes
|
0-0: Ball 1-0: Ball 2-0: Bunt for hit to 2L - play at first, batter safe!
|
|
Batting: RHB Andy Knerr
|
0-0: Swinging Strike 0-1: Called Strike 0-2: Ball 1-2: Grounds into double play, 6-4-3 (Groundball, 6, EV 82.5 MPH)
|
|
Batting: RHB Issac Konol
|
0-0: Called Strike 0-1: Ball 1-1: Ball 2-1: Called Strike 2-2: Ball 3-2: Foul Ball, location: 2F 3-2: Base on Balls
|
|
Batting: SHB Sean Munns
|
0-0: Fly out, F5 (Popup, 25, EV 91.9 MPH)
|
| Bottom of the 2nd over - 0 runs, 1 hit, 0 errors, 1 left on base; Vanderbilt University 3 - UCLA 6 |
| TOP OF THE 3RD |
|
Vanderbilt University Commodores batting - Pitching for UCLA Bruins : LHP Dave Hutchison
|
|
Batting: RHB Jose Ramos
|
0-0: Swinging Strike 0-1: Called Strike 0-2: Foul Ball, location: 2F 0-2: Strikes out swinging
|
|
Batting: RHB Edgar Fernandez
|
0-0: Called Strike 0-1: Fly out, F8 (Flyball, 8RXD, EV 104.4 MPH)
|
|
Batting: RHB Takashi Takeuchi
|
0-0: Swinging Strike 0-1: Swinging Strike 0-2: Ball 1-2: Ball 2-2: Strikes out swinging
|
| Top of the 3rd over - 0 runs, 0 hits, 0 errors, 0 left on base; Vanderbilt University 3 - UCLA 6 |
| BOTTOM OF THE 3RD |
|
UCLA Bruins batting - Pitching for Vanderbilt University Commodores : RHP Craig Wayne
|
|
Batting: RHB Michael Alvarado
|
0-0: Swinging Strike 0-1: SINGLE (Groundball, 4MD, EV 98.8 MPH)
|
|
Batting: LHB Dave Hutchison
|
0-0: Foul Ball, location: 2F 0-1: Called Strike 0-2: Fielders Choice at 2nd, 4-6 (Groundball, 4, EV 100.6 MPH)
|
|
Batting: LHB Young-lau Seow
|
0-0: Swinging Strike 0-1: Foul Ball, location: 2F 0-2: Ball 1-2: Strikes out looking
|
|
Pitching: LHP Norm Franklin
|
|
|
Batting: RHB Pete Devaux
|
0-0: Called Strike 0-1: Called Strike 0-2: Fly out, F9 (Line Drive, 89M, EV 103.8 MPH)
|
| Bottom of the 3rd over - 0 runs, 1 hit, 0 errors, 1 left on base; Vanderbilt University 3 - UCLA 6 |
| TOP OF THE 4TH |
|
Vanderbilt University Commodores batting - Pitching for UCLA Bruins : LHP Dave Hutchison
|
|
Batting: LHB Tokito Ishizaki
|
0-0: Foul Ball, location: 2F 0-1: Foul Ball, location: 2F 0-2: SINGLE (Groundball, 3S, EV 96.2 MPH)
|
|
Batting: SHB D.J. Davis
|
0-0: Called Strike 0-1: Ball 1-1: Fielders Choice at 2nd, 4-6 (Groundball, 4, EV 108.8 MPH)
|
|
Batting: RHB Min Tann
|
0-0: Called Strike 0-1: Ball 1-1: Ball 2-1: Ball 3-1: Swinging Strike 3-2: Foul Ball, location: 2F 3-2: Fielders Choice at 2nd, 5-4 (Groundball, 5, EV 102.5 MPH)
|
|
Batting: SHB Robbie Glover
|
0-0: Called Strike 0-1: Ball 1-1: Foul Ball, location: 2F 1-2: Strikes out swinging, 2-3 out at first.
|
| Top of the 4th over - 0 runs, 1 hit, 0 errors, 1 left on base; Vanderbilt University 3 - UCLA 6 |
| BOTTOM OF THE 4TH |
|
UCLA Bruins batting - Pitching for Vanderbilt University Commodores : LHP Norm Franklin
|
|
Batting: LHB Mark Cummings
|
0-0: Ball 1-0: Called Strike 1-1: Foul Ball, location: 2F 1-2: Ball 2-2: Ball 3-2: DOUBLE (Flyball, 89D, EV 98.8 MPH)
|
|
Batting: RHB Melvin Yanes
|
0-0: Ball 1-0: Fly out, F7 (Line Drive, 7, EV 89.4 MPH)
|
|
Batting: RHB Andy Knerr
|
0-0: Ball 1-0: Ball 2-0: Swinging Strike 2-1: Ball 3-1: Called Strike 3-2: Base on Balls
|
|
Batting: RHB Issac Konol
|
0-0: Ball 1-0: Ball 2-0: Ball 3-0: Swinging Strike 3-1: Fielders Choice at 2nd, 1-4 (Groundball, P, EV 69.4 MPH) Mark Cummings to third
|
|
Batting: SHB Sean Munns
|
0-0: Ball 1-0: Swinging Strike 1-1: Ball 2-1: Foul Ball, location: 2F 2-2: Foul Ball, location: 2F 2-2: DOUBLE (Line Drive, 9LS, EV 100.0 MPH) Mark Cummings scores Issac Konol to third
|
|
Pitching: RHP Matt Lane
|
|
|
Batting: RHB Michael Alvarado
|
0-0: Foul Ball, location: 2F 0-1: Ball 1-1: Fly out, F9 (Flyball, 9D, EV 80.6 MPH)
|
| Bottom of the 4th over - 1 run, 2 hits, 0 errors, 2 left on base; Vanderbilt University 3 - UCLA 7 |
| TOP OF THE 5TH |
|
Vanderbilt University Commodores batting - Pitching for UCLA Bruins : LHP Dave Hutchison
|
|
Batting: RHB Ruben Reyna
|
0-0: Called Strike 0-1: Ball 1-1: Foul Ball, location: 2F 1-2: Ground out 5-3 (Groundball, 5, EV 103.8 MPH)
|
|
Batting: RHB Brian Pflughoeft
|
0-0: Called Strike 0-1: Ball 1-1: Foul Ball, location: 2F 1-2: Ground out 6-3 (Groundball, 6, EV 108.1 MPH)
|
|
Batting: RHB Jose Ramos
|
0-0: SINGLE (Groundball, 56D, EV 95.0 MPH)
|
|
Batting: RHB Edgar Fernandez
|
0-0: SINGLE (Line Drive, 8RS, EV 90.6 MPH) Jose Ramos to second
|
|
Batting: RHB Takashi Takeuchi
|
0-0: Ball 1-0: Ball 2-0: Ball 3-0: Base on Balls Jose Ramos to third Edgar Fernandez to second
|
|
Batting: LHB Tokito Ishizaki
|
0-0: Called Strike 0-1: Fly out, F8 (Line Drive, 8RD, EV 94.4 MPH)
|
| Top of the 5th over - 0 runs, 2 hits, 0 errors, 3 left on base; Vanderbilt University 3 - UCLA 7 |
| BOTTOM OF THE 5TH |
|
UCLA Bruins batting - Pitching for Vanderbilt University Commodores : RHP Matt Lane
|
|
Batting: LHB Dave Hutchison
|
0-0: Ball 1-0: Fly out, F8 (Flyball, 8RD, EV 88.8 MPH)
|
|
Batting: LHB Young-lau Seow
|
0-0: SOLO HOME RUN (Flyball, 89XD, EV 108.8 MPH), Distance : 414 ft
|
|
Batting: RHB Pete Devaux
|
0-0: Called Strike 0-1: SINGLE (Groundball, 56S, EV 95.0 MPH)
|
|
Batting: LHB Mark Cummings
|
0-0: Called Strike Pete Devaux steals 2nd base 0-1: Ball 1-1: Ball 2-1: Fly out, F8 (Line Drive, 8RM, EV 88.8 MPH)
|
|
Batting: RHB Melvin Yanes
|
0-0: Swinging Strike 0-1: Swinging Strike 0-2: Ball 1-2: Strikes out swinging
|
| Bottom of the 5th over - 1 run, 2 hits, 0 errors, 1 left on base; Vanderbilt University 3 - UCLA 8 |
| TOP OF THE 6TH |
|
Vanderbilt University Commodores batting - Pitching for UCLA Bruins : LHP Dave Hutchison
|
|
Batting: SHB D.J. Davis
|
0-0: Ground out 5-3 (Groundball, 56S, EV 90.0 MPH)
|
|
Batting: RHB Min Tann
|
0-0: Ball 1-0: Ball 2-0: Called Strike 2-1: SINGLE (Groundball, 6D, EV 106.9 MPH)
|
|
Batting: SHB Robbie Glover
|
0-0: Called Strike 0-1: Called Strike 0-2: Ball 1-2: Ball 2-2: Fly out, F5 (Popup, 25F, EV 83.8 MPH)
|
|
Pitching: RHP Carlos Rodriguez
|
|
|
Batting: RHB Ruben Reyna
|
0-0: Called Strike 0-1: Foul Ball, location: 2F 0-2: Ball 1-2: Ball Min Tann steals 2nd base 2-2: Ball 3-2: Fly out, F9 (Flyball, 89M, EV 86.9 MPH)
|
| Top of the 6th over - 0 runs, 1 hit, 0 errors, 1 left on base; Vanderbilt University 3 - UCLA 8 |
| BOTTOM OF THE 6TH |
|
UCLA Bruins batting - Pitching for Vanderbilt University Commodores : RHP Matt Lane
|
|
Batting: RHB Andy Knerr
|
0-0: Foul Ball, location: 2F 0-1: Called Strike 0-2: Ball 1-2: Ball 2-2: Fly out, F8 (Line Drive, 78M, EV 100.0 MPH)
|
|
Pitching: LHP Kyle McGuire
|
|
|
Batting: RHB Issac Konol
|
0-0: Ball 1-0: Foul Ball, location: 2F 1-1: Ball 2-1: Ground out 6-3 (Groundball, 6, EV 106.9 MPH)
|
|
Batting: SHB Sean Munns
|
0-0: Ground out 4-3 (Groundball, 4, EV 87.5 MPH)
|
| Bottom of the 6th over - 0 runs, 0 hits, 0 errors, 0 left on base; Vanderbilt University 3 - UCLA 8 |
| TOP OF THE 7TH |
|
Vanderbilt University Commodores batting - Pitching for UCLA Bruins : RHP Carlos Rodriguez
|
|
Batting: RHB Brian Pflughoeft
|
0-0: Fly out, F7 (Line Drive, 7LS, EV 107.5 MPH)
|
|
Batting: RHB Jose Ramos
|
0-0: Ball 1-0: Ball 2-0: Ground out 6-3 (Groundball, 6, EV 84.4 MPH)
|
|
Batting: RHB Edgar Fernandez
|
0-0: Ball 1-0: Ball 2-0: SOLO HOME RUN (Line Drive, 78XD, EV 112.5 MPH), Distance : 432 ft
|
|
Batting: RHB Takashi Takeuchi
|
0-0: Ball 1-0: Ground out 5-3 (Groundball, 56S, EV 88.8 MPH)
|
| Top of the 7th over - 1 run, 1 hit, 0 errors, 0 left on base; Vanderbilt University 4 - UCLA 8 |
| BOTTOM OF THE 7TH |
|
UCLA Bruins batting - Pitching for Vanderbilt University Commodores : LHP Kyle McGuire
|
|
Batting: RHB Michael Alvarado
|
0-0: Ball 1-0: Swinging Strike 1-1: Called Strike 1-2: Ball 2-2: Strikes out swinging
|
|
Batting: LHB Dave Hutchison
|
0-0: Ball 1-0: Foul Ball, location: 2F 1-1: Ball 2-1: Ball 3-1: Fly out, F8 (Flyball, 78S, EV 96.2 MPH)
|
|
Batting: LHB Young-lau Seow
|
0-0: Called Strike 0-1: Foul Ball, location: 2F 0-2: SINGLE (Groundball, 56D, EV 99.4 MPH)
|
|
Batting: RHB Pete Devaux
|
0-0: Called Strike 0-1: Ground out 4-3 (Groundball, 3D, EV 83.1 MPH)
|
| Bottom of the 7th over - 0 runs, 1 hit, 0 errors, 1 left on base; Vanderbilt University 4 - UCLA 8 |
| TOP OF THE 8TH |
|
Vanderbilt University Commodores batting - Pitching for UCLA Bruins : RHP Carlos Rodriguez
|
|
Pitching: RHP Cyrano Papadoupolos
|
|
|
Batting: LHB Tokito Ishizaki
|
0-0: Called Strike 0-1: Ball 1-1: Foul Ball, location: 2F 1-2: Foul Ball, location: 2F 1-2: Ball 2-2: Strikes out looking
|
|
Batting: SHB D.J. Davis
|
0-0: Ball 1-0: Called Strike 1-1: Swinging Strike 1-2: Strikes out swinging
|
|
Batting: RHB Min Tann
|
0-0: SINGLE (Flyball, 4D, EV 86.2 MPH)
|
|
Batting: SHB Robbie Glover
|
0-0: Called Strike 0-1: Ball 1-1: Foul Ball, location: 2F 1-2: Ball 2-2: Ground out U3 (Groundball, 3, EV 79.4 MPH)
|
| Top of the 8th over - 0 runs, 1 hit, 0 errors, 1 left on base; Vanderbilt University 4 - UCLA 8 |
| BOTTOM OF THE 8TH |
|
UCLA Bruins batting - Pitching for Vanderbilt University Commodores : LHP Kyle McGuire
|
|
Batting: LHB Mark Cummings
|
0-0: Called Strike 0-1: Called Strike 0-2: Ball 1-2: Ball 2-2: Strikes out swinging
|
|
Batting: RHB Melvin Yanes
|
0-0: Called Strike 0-1: Called Strike 0-2: SINGLE (Groundball, 56D, EV 104.4 MPH)
|
|
Batting: RHB Andy Knerr
|
0-0: Ball 1-0: Foul Ball, location: 2F 1-1: Ball 2-1: Swinging Strike 2-2: Foul Ball, location: 2F 2-2: Ball 3-2: Foul Ball, location: 2F 3-2: Base on Balls Melvin Yanes to second
|
|
Pitching: RHP Bill Mata
|
|
|
Batting: RHB Issac Konol
|
0-0: Ball 1-0: Called Strike 1-1: Foul Ball, location: 2F 1-2: Foul Ball, location: 2F 1-2: Grounds into double play, 6-4-3 (Groundball, 6, EV 89.4 MPH)
|
| Bottom of the 8th over - 0 runs, 1 hit, 0 errors, 1 left on base; Vanderbilt University 4 - UCLA 8 |
| TOP OF THE 9TH |
|
Vanderbilt University Commodores batting - Pitching for UCLA Bruins : RHP Cyrano Papadoupolos
|
|
Pitching: LHP Honor Munoz
|
|
|
Batting: RHB Ruben Reyna
|
0-0: Called Strike 0-1: Foul Ball, location: 2F 0-2: Ball 1-2: Ground out 5-3 (Groundball, 56S, EV 75.6 MPH)
|
|
Batting: RHB Brian Pflughoeft
|
0-0: Ball 1-0: Called Strike 1-1: Fly out, F7 (Line Drive, 7, EV 90.0 MPH)
|
|
Batting: RHB Jose Ramos
|
0-0: Swinging Strike 0-1: Foul Ball, location: 2F 0-2: Strikes out looking
|
| Top of the 9th over - 0 runs, 0 hits, 0 errors, 0 left on base; Vanderbilt University 4 - UCLA 8 |
|